 Dungeon Crawl Stone Soup version 0.19.3-4-gbf9329e (console) character file.

3254 CALLOUS the Fighter (level 9, 0/92 HPs)
             Began as a Minotaur Monk on Jan 29, 2017.
             Was a Priest of Trog.
             Slain by an unseen horror (7 damage)
             ... on level 10 of the Dungeon.
             The game lasted 03:46:26 (10733 turns).

CALLOUS the Fighter (Minotaur Monk)                Turns: 10733, Time: 03:46:26

Health: 0/92       AC:  7    Str: 21    XL:     9   Next: 67%
Magic:  8/8        EV: 16    Int:  7    God:    Trog [***...]
Gold:   282        SH:  0    Dex: 13    Spells: 0 memorised, 8 levels left

rFire  + . .     SeeInvis .     s - +2 quarterstaff (chaos)
rCold  + . .     Gourm    .     W - +1 leather armour {rF+}
rNeg   . . .     Faith    .     (shield currently unavailable)
rPois  .         Spirit   .     (helmet restricted)
rElec  .         Reflect  .     e - +0 cloak
rCorr  .         Harm     .     (no gloves)
MR     .....                    g - +0 pair of boots
Stlth  ++........               (no amulet)
                                (no ring)
                                (no ring)

@: about to teleport
A: retaliatory headbutt, horns 2, cold resistance 1, strong 1, subdued magic 1
a: Berserk, Trog's Hand, Burn Spellbooks, Renounce Religion


You were on level 10 of the Dungeon.
You worshipped Trog.
Trog was most pleased with you.
You were hungry.

You visited 2 branches of the dungeon, and saw 11 of its levels.

You collected 282 gold pieces.

Inventory:

Hand Weapons
 a - a +2 dagger of protection
 b - a +0 shortbow of flaming
 o - a +0 spear
 s - a +2 quarterstaff of chaos (weapon)
 u - a +2 mace of crushing
 w - a +0 dagger of venom
 z - a +2 whip of electrocution
 T - a +4 dagger
 Z - a +1 hand axe of electrocution
Missiles
 f - 126 stones (quivered)
 m - 57 bolts
 A - 6 tomahawks
 E - 25 sling bullets
 Q - 78 arrows
Armour
 e - a +0 cloak (worn)
 g - a +0 pair of boots (worn)
 t - a +0 cloak
 W - a +1 leather armour of fire resistance (worn)
 X - a +0 cloak
Jewellery
 y - a cursed amulet of inaccuracy {unknown}
 J - an uncursed ring of positive energy {unknown}
 O - an uncursed amulet of the gourmand {unknown}
Wands
 l - a wand of random effects (18/48)
 x - a wand of teleportation (3/9)
 C - a wand of acid (2/15)
 F - a wand of random effects (32/48)
 H - a wand of confusion (21/48)
 L - a wand of disintegration (10/24)
 P - a wand of random effects (27/48)
Scrolls
 d - 4 scrolls of identify {unknown}
 j - 2 scrolls of enchant armour {unknown}
 q - 6 scrolls of teleportation {unknown}
 r - a scroll of recharging {unknown}
 D - a scroll of vulnerability {unknown}
 G - 2 scrolls of remove curse {unknown}
 I - a scroll of amnesia {unknown}
 K - a scroll of fog {unknown}
 S - a scroll of torment {unknown}
Potions
 h - a potion of berserk rage
 k - a potion of cure mutation {unknown}
 p - a potion of might {unknown}
 v - a potion of haste {unknown}
 M - a potion of agility {unknown}
 N - a potion of resistance {unknown}
 R - 2 potions of mutation
 V - a potion of degeneration {unknown}
 Y - a potion of curing
Books
 U - a book of Changes

   Spells                             Type                      Level
   a - Beastly Appendage              Transmutation                1
   b - Sticks to Snakes               Transmutation                2
   c - Spider Form                    Transmutation/Poison         3
   d - Ice Form                       Ice/Transmutation            4
   e - Blade Hands                    Transmutation                5
   Trog disapproves of the use of such an item.
Comestibles
 c - a bread ration
 i - a royal jelly
 n - 3 fruits
 B - 3 meat rations


   Skills:
 * Level 12.7 Fighting
 - Level 3.6 Polearms
 * Level 6.5 Armour
 + Level 8.0 Dodging
 - Level 1.5 Stealth


You had 8 spell levels left.
You didn't know any spells.

Dungeon Overview and Level Annotations

Branches:
Dungeon (10/15)            Temple (1/1) D:5
   Lair: D:8-11         Orc: D:9-12

Altars:
Ashenzari
Cheibriados
Dithmenos
Elyvilon
Fedhas
Gozag
Hepliaklqana
Kikubaaqudgha
Qazlal
Trog
Uskayaw
Vehumet
Xom
Zin
The Shining One

Shops:
D:4 [   D:5 :

Annotations:
D:1 1 exclusion
D:2 1 exclusion
D:3 1 exclusion
D:4 oHshortoffreezingleather, exclusion: orc, Grinder
D:5 exclusion: water moccasin, Sigmund
D:6 exclusions: howler monkey, orc priest, phantom and sky beast
D:7 exclusions: oklob plant, phantom and worker ant
D:8 exclusions: adder and 2 killer bees
D:9 exclusions: 3 bullfrogs, centaur, jelly, ogre and troll
D:10 exclusion: scorpion


Innate Abilities, Weirdness & Mutations

You reflexively headbutt those who attack you in melee.
You have a pair of horns on your head.
Your flesh is cold resistant. (rC+)
Your muscles are strong. (Str +2)
Your spells are a little easier to cast, but a little less powerful.


Message History

* * * LOW HITPOINT WARNING * * *
Something barely misses you.
The orc warrior hits you from afar with a trident.
* * * LOW HITPOINT WARNING * * *
Okay, then.
Unknown command.
Okay, then.
Zapping:
x - a wand of teleportation (will waste charges)
Press: ? - help, Shift-Dir - straight line, f - you You feel strangely unstable.
Evoking this partially-identified wand wasted a few charges.
Something hits you.
* * * LOW HITPOINT WARNING * * *
Something hits you!
* * * LOW HITPOINT WARNING * * *
The orc hits you with a club.
* * * LOW HITPOINT WARNING * * *
The orc warrior completely misses you. Something hits you!
You die...

#.# #.# #<.(..# #.#
#.# ##.#.o..o #.#
#.# #.##[#.##oo #.#
#.#
#.##)#o##########
#.# #.#
#.##.)oo.........
#.# #.#
#.####o##...####
#.# #.# #.#
#.##...# #.#####
#.# #.# #)##...#
#.....# #.# #.#
#.##...# #.###.#
#.###.####o##...#
### #.#
#.#.@.oooo(##...#
#.#
#.###########...#
#.#
#.........).....#
#.#
##############..#
#.# #..# #.#
############..#####
#.#
#..................
#.#
#.##########.#.####
#.#
#.#........#.#.#
#.#
#.###.####.#.#.#
#.#
#..........#.#.#


You could see an orc warrior and 4 orcs.

Vanquished Creatures
  2 hungry ghosts
  Eustachio (D:4)
  An ice beast (D:9)
  3 orc warriors
  A necrophage (D:9)
  2 black bears
  An ogre (D:8)
  A phantom (D:6)
  6 centaurs
  3 bullfrogs
  A gnoll sergeant (D:6)
  2 scorpions
  2 wights (D:9)
  3 killer bees (D:9)
  2 crimson imps
  7 orc priests
  Crazy Yiuf (D:3)
  A bullfrog skeleton (D:8)
  Jessica (D:3)
  2 iguanas
  9 orc wizards
  Natasha (thrice) (D:3)
  2 worker ants
  A hound skeleton (D:6)
  A worker ant zombie (D:10)
  4 adders
  4 gnolls (D:5)
  A shadow imp (D:3)
  An adder skeleton (D:7)
  3 worms
  2 dart slugs
  4 leopard geckos
  30 orcs
  12 bats
  4 giant cockroaches
  11 goblins
  7 hobgoblins
  9 jackals
  2 quokkas (D:6)
  4 frilled lizards
  A jackal skeleton (D:8)
  10 kobolds
  A leopard gecko skeleton (D:4)
  A quokka zombie (D:8)
  12 rats
182 creatures vanquished.

Notes
Turn   | Place    | Note
-------+----------+-------------------------------------------
     0 | D:1      | CALLOUS the Minotaur Monk began the quest for the Orb.
     0 | D:1      | Reached XP level 1. HP: 19/19 MP: 0/0
   175 | D:1      | Reached skill level 1 in Armour
   184 | D:1      | Reached skill level 4 in Fighting
   188 | D:1      | Reached XP level 2. HP: 17/27 MP: 1/1
   872 | D:1      | Reached XP level 3. HP: 34/34 MP: 2/2
  1170 | D:2      | Found a faded altar of an unknown god.
  1170 | D:2      | Found a faded altar of an unknown god.
  1175 | D:2      | Found a shadowy altar of Dithmenos.
  1177 | D:2      | Found a faded altar of an unknown god.
  1179 | D:2      | Found a radiant altar of Vehumet.
  1543 | D:2      | Reached skill level 5 in Fighting
  1889 | D:2      | Reached XP level 4. HP: 42/42 MP: 3/3
  2068 | D:2      | Found a shimmering altar of Xom.
  2283 | D:3      | Noticed Natasha
  2370 | D:3      | Reached skill level 6 in Fighting
  2370 | D:3      | Reached XP level 5. HP: 35/50 MP: 4/4
  2493 | D:3      | Killed Natasha
  2832 | D:3      | Noticed Natasha
  2840 | D:3      | Killed Natasha
  2928 | D:3      | Noticed Jessica
  2937 | D:3      | Killed Jessica
  2937 | D:3      | Reached XP level 6. HP: 58/58 MP: 5/5
  3132 | D:3      | Gained mutation: Your spells are a little easier to cast, but a little less powerful. [potion of mutation]
  3132 | D:3      | Gained mutation: Your flesh is cold resistant. (rC+) [potion of mutation]
  3132 | D:3      | Gained mutation: Your muscles are strong. (Str +2) [potion of mutation]
  3184 | D:3      | Noticed Natasha
  3194 | D:3      | Killed Natasha
  3194 | D:3      | Reached skill level 7 in Fighting
  3402 | D:3      | Found a runed door.
  3622 | D:3      | Noticed Crazy Yiuf
  3641 | D:3      | Killed Crazy Yiuf
  3873 | D:4      | Found Ulodew Kiva's Armour Emporium.
  4091 | D:4      | Found a shattered altar of Ashenzari.
  4218 | D:4      | Noticed Grinder
  4422 | D:5      | Entered Level 5 of the Dungeon
  4422 | D:5      | Found Ucviesm's Book Boutique.
  4446 | D:4      | Reached skill level 5 in Dodging
  4446 | D:4      | Reached XP level 7. HP: 54/67 MP: 6/6
  4528 | D:5      | Found an opulent altar of Gozag.
  4533 | D:5      | Noticed Eustachio
  4713 | D:4      | Killed Eustachio
  4713 | D:4      | Reached skill level 8 in Fighting
  5183 | D:5      | Found an ancient bone altar of Kikubaaqudgha.
  5189 | D:5      | Noticed Sigmund
  5412 | D:5      | Found a staircase to the Ecumenical Temple.
  6019 | Temple   | Entered the Ecumenical Temple
  6027 | Temple   | Became a worshipper of Trog the Wrathful
  6027 | Temple   | Reached * piety under Trog
  6027 | Temple   | Reached ** piety under Trog
  6411 | D:5      | Reached skill level 9 in Fighting
  6515 | D:6      | Reached XP level 8. HP: 70/78 MP: 7/7
  6871 | D:6      | Found a white marble altar of Elyvilon.
  6979 | D:6      | Reached skill level 10 in Fighting
  6988 | D:6      | Reached skill level 5 in Armour
  8064 | D:7      | Found a blossoming altar of Fedhas.
  8081 | D:7      | Noticed an oklob plant
  8267 | D:8      | Reached skill level 11 in Fighting
  8408 | D:8      | Reached XP level 9. HP: 89/89 MP: 8/8
  9133 | D:9      | Reached *** piety under Trog
  9375 | D:9      | Reached skill level 12 in Fighting
  9640 | D:9      | Noticed a troll
  9962 | D:10     | Entered Level 10 of the Dungeon
 10733 | D:10     | Slain by an unseen horror

Skill      XL: |  1  2  3  4  5  6  7  8  9 |
---------------+----------------------------+-----
Armour         | 1 2 3 4 5 6 |  6.5
Fighting       | 4 5 6 7 9 11 12 | 12.7
Dodging        | 4 5 7 8 |  8.0
Polearms       | |  3.6
Stealth        | |  1.5

Action                   |  1- 3 |  4- 6 |  7- 9 || total
-------------------------+-------+-------+-------++-------
Melee: Spear             |    92 |     3 |     2 ||    97
       Headbutt          |     9 |    27 |    50 ||    86
       Dagger            |    12 |   113 |   150 ||   275
       Quarterstaff      |       |     2 |    76 ||    78
 Fire: Shortbow          |       |    15 |    95 ||   110
Throw: Stone             |    91 |   155 |    21 ||   267
       Tomahawk          |       |       |     9 ||     9
Invok: Trog's Hand       |       |       |     1 ||     1
Evoke: Wand              |       |       |     1 ||     1
  Use: Potion            |     3 |     2 |       ||     5
 Stab: Sleeping          |     4 |       |     3 ||     7
       Petrified         |       |       |     1 ||     1
       Distracted        |       |       |     1 ||     1
  Eat: Chunk             |     3 |     7 |    19 ||    29
       Royal jelly       |       |       |     1 ||     1
       Bread ration      |       |       |     1 ||     1
Armor: Robe              |    12 |    15 |    14 ||    41
       Leather armour    |       |       |    36 ||    36
Dodge: Dodged            |    42 |    71 |   163 ||   276
